 Dungeon Crawl Stone Soup version 0.29.1-13-g9f3cf754e1 (webtiles) character file.

Game seed: 2132944627025155030

3563 Priul the Thaumaturge (level 9, -1/48 HPs)
             Began as a Deep Elf Conjurer on Feb 1, 2023.
             Was an Initiate of Sif Muna.
             Slain by an unseen horror (3 damage)
             ... on level 10 of the Dungeon.
             The game lasted 01:25:39 (11036 turns).

Priul the Thaumaturge (Deep Elf Conjurer)          Turns: 11036, Time: 01:25:39

Health: -1/48      AC:  8    Str:  8    XL:     9   Next: 83%
Magic:  26/26      EV: 14    Int: 28    God:    Sif Muna [......]
Gold:   452        SH:  0    Dex: 18    Spells: 10/31 levels left

rFire   + + .      SeeInvis .   O - +1 hand axe of Amortisation {protect, rF++ Dex+5}
rCold   . . .      Faith    .   (no shield)
rNeg    . . .      Spirit   .   a - +0 robe
rPois   +          Reflect  .   Q - +2 helmet
rElec   .          Harm     .   (no cloak)
rCorr   .          Rampage  .   k - +1 pair of gloves
Will    .....                   o - +0 pair of boots
Stlth   +++.......              (no amulet)
HPRegen 0.16/turn               r - +6 ring of strength
MPRegen 0.20/turn               F - ring of poison resistance

@: no status effects
A: weak 1
a: Renounce Religion


You were on level 10 of the Dungeon.
You worshipped Sif Muna.
Sif Muna was noncommittal.
You visited 2 branches of the dungeon, and saw 11 of its levels.

You collected 452 gold pieces.

Inventory:

Hand Weapons
 l - a +0 dagger of distortion
 w - a +3 flail of holy wrath
 O - the +1 hand axe of Amortisation (weapon) {protect, rF++ Dex+5}
   (You found it on level 9 of the Dungeon)

   It grants its wielder temporary protection when it strikes (+7 to AC).
   Dex:       It affects your dexterity (+5).
   rF:        It greatly protects you from fire.
Missiles
 c - 98 stones
 d - 41 poisoned darts
 B - 5 boomerangs
 E - 2 curare-tipped darts
Armour
 a - a +0 robe (worn)
 k - a +1 pair of gloves (worn)
 o - a +0 pair of boots (worn)
 Q - a +2 helmet (worn)
Jewellery
 r - a +6 ring of strength (left hand)
 F - a ring of poison resistance (right hand)
 N - a ring of ice
Wands
 f - a wand of digging (6)
 v - a wand of iceblast (26) (quivered)
 C - a wand of flame (16)
 L - a wand of charming (12)
Scrolls
 e - 2 scrolls of noise {unknown}
 i - a scroll of blinking {unknown}
 j - 3 scrolls of enchant armour
 n - a scroll of vulnerability
 p - a scroll of amnesia
 u - 3 scrolls of teleportation
 x - a scroll of poison {unknown}
 y - a scroll of brand weapon {unknown}
 D - a scroll of immolation {unknown}
Potions
 b - a potion of magic
 h - 4 potions of flight
 q - 2 potions of degeneration {unknown}
 s - 2 potions of attraction {unknown}
 t - 2 potions of invisibility {unknown}
 z - a potion of heal wounds {unknown}
 A - 2 potions of might {unknown}
 G - 4 potions of brilliance
 J - 3 potions of resistance {unknown}
 K - 2 potions of mutation


   Skills:
 + Level 2.3 Fighting
 + Level 1.4 Short Blades
 + Level 4.9 Dodging
 + Level 5.0 Stealth
 + Level 11.9 Spellcasting
 + Level 10.5 Conjurations
 + Level 0.8 Hexes
 + Level 1.8 Air Magic
 + Level 1.3 Evocations


You had 10 spell levels left.
You knew the following spells:

 Your Spells              Type           Power      Damage    Failure   Level
a - Magic Dart            Conj           100%       1d8       1%          1
b - Searing Ray           Conj           100%       2d8       1%          2
c - Dazzling Flash        Conj/Hex       96%        N/A       1%          3
d - Static Discharge      Conj/Air       50%        3-10/arc  1%          2
e - Fulminant Prism       Conj/Hex       24%        3d13      3%          4
f - Lightning Bolt        Conj/Air       25%        1d41      8%          5
g - Iskenderun's Mystic   Conj/Tloc      46%        2d10      3%          4

Your spell library contained the following spells:

 Spells                   Type           Power      Damage    Failure   Level
 Summon Small Mammal      Summ           64%        N/A       3%          1
 Summon Guardian Golem    Hex/Summ       19%        N/A       9%          3
 Call Canine Familiar     Summ           16%        N/A       10%         3
 Gell's Gravitas          Tloc           16%        N/A       10%         3
 Lesser Beckoning         Tloc           16%        N/A       10%         3
 Ozocubu's Armour         Ice            16%        N/A       10%         3
 Teleport Other           Tloc           16%        N/A       10%         3
 Ozocubu's Refrigeration  Ice            8%         4d9       100%        7
 Maxwell's Capacitive Co  Air            13%        ∞         100%        8


Dungeon Overview and Level Annotations

Branches:
Dungeon (10/15)            Temple (1/1) D:5
   Lair: D:8-11         Orc: D:9-12

Altars:
Ashenzari
Cheibriados
Dithmenos
Elyvilon
Fedhas
Gozag
Hepliaklqana
Kikubaaqudgha
Makhleb
Nemelex Xobeh
Okawaru
Qazlal
Ru
Sif Muna
Trog
Vehumet
Wu Jian
Xom
Yredelemnul
Zin
The Shining One


Innate Abilities, Weirdness & Mutations

You are weak. (Str -2)


Message History

* * * LOW HITPOINT WARNING * * *
You feel better.
As you read the scroll of teleportation, it crumbles to dust.
You feel strangely unstable. Something hits you. Something hits you.
Something hits you!
* * * LOW HITPOINT WARNING * * *
Your surroundings suddenly seem different.
Found a stone staircase leading down.
You start resting.
Something hits you!
* * * LOW HITPOINT WARNING * * *
You feel better. Something completely misses you.
Something hits you but does no damage.
Aiming: Iceblast
Press: ? - help, Q - select action, (/) - cycle Shift-Dir - straight line The mass of ice explodes!
The iceblast engulfs something.
Something hits you but does no damage. Something hits you but does no damage.
Something hits you.
* * * LOW HITPOINT WARNING * * *
Aiming: Iceblast
Press: ? - help, Q - select action, (/) - cycle Shift-Dir - straight line The mass of ice explodes!
The iceblast engulfs something!
Something hits you.
* * * LOW HITPOINT WARNING * * *
You feel better. Something barely misses you.
You barely miss something. Something hits you.
* * * LOW HITPOINT WARNING * * *
Something hits you!
* * * LOW HITPOINT WARNING * * *
Aiming: Charm
Press: ? - help, Shift-Dir - straight line
Okay, then.
Unknown command.
Okay, then.
Aiming: Charm
Press: ? - help, Shift-Dir - straight line Nothing appears to happen.
Something hits you but does no damage. Something hits you.
You die...

#..#............####
#..#............####
###..#................
...>#................
#...#........########
#...#........# # .
#............# #
....#............# #
........@........# #
.#################
#### #..............#
#... #..............#
#... #...##.........#
#.## #...##..##.....#
##... #...##'###.....#
#...) #..............#
#.... #..............#
#..##


There were no monsters in sight!

Vanquished Creatures
  A kobold demonologist (D:9)
  A troll (D:10)
  A hornet (D:7)
  A wraith (D:9)
  Edmund (D:4)
  2 water moccasins
  2 ice beasts (D:5)
  2 black bears
  A centaur (D:6)
  A phantom (D:5)
  5 kobold brigands
  4 bullfrogs
  2 gnoll sergeants
  4 scorpions
  A necrophage (D:5)
  2 howler monkeys (D:9)
  A jelly (D:7)
  6 hounds
  4 orc priests
  3 iguanas
  2 orc wizards
  Robin (D:2)
  14 gnolls
  8 adders
  3 white imps
  An ufetubus (D:5)
  A worm (D:2)
  2 dart slugs
  26 orcs
  7 ball pythons
  4 endoplasms
  5 giant cockroaches
  17 goblins
  9 hobgoblins
  5 jackals (D:1)
  22 kobolds
  7 quokkas
  3 bats
  2 frilled lizards (D:1)
  5 rats
189 creatures vanquished.

Vanquished Creatures (others)
  A jelly (D:6)
  6 fulminant prisms
7 creatures vanquished.

Grand Total: 196 creatures vanquished

Notes
Turn   | Place    | Note
-------+----------+-------------------------------------------
     0 | D:1      | Priul the Deep Elf Conjurer began the quest for the Orb.
     0 | D:1      | Reached XP level 1. HP: 10/10 MP: 6/6
     3 | D:1      | Noticed an electric eel
     4 | D:1      | Noticed an electric eel
   284 | D:1      | Reached XP level 2. HP: 15/15 MP: 6/8
   542 | D:1      | Reached skill level 5 in Conjurations
   839 | D:1      | Reached XP level 3. HP: 19/19 MP: 6/10
  1587 | D:2      | Learned a level 2 spell: Searing Ray
  1682 | D:2      | Reached skill level 4 in Spellcasting
  2086 | D:2      | Noticed Robin
  2096 | D:2      | Killed Robin
  2097 | D:2      | Reached XP level 4. HP: 14/24 MP: 3/12
  2683 | D:2      | Learned a level 3 spell: Dazzling Flash
  3161 | D:3      | Found a faded altar of an unknown god.
  3165 | D:3      | Reached XP level 5. HP: 28/28 MP: 10/14
  3225 | D:3      | Found a hazy altar of Hepliaklqana.
  3333 | D:3      | Found a sparkling altar of Nemelex Xobeh.
  3733 | D:3      | Found a snail-covered altar of Cheibriados.
  3735 | D:3      | Found a sacrificial altar of Ru.
  4158 | D:4      | Noticed Edmund
  4176 | D:4      | Killed Edmund
  4177 | D:4      | Reached skill level 5 in Spellcasting
  4177 | D:4      | Reached XP level 6. HP: 16/32 MP: 1/16
  4447 | D:4      | Found a broken altar of Ashenzari.
  4451 | D:4      | Saw a vision of the Shoals and the Spider Nest.
  4451 | D:4      | Noticed a merfolk
  4451 | D:4      | Noticed a redback
  4451 | D:4      | Noticed a merfolk avatar
  4451 | D:4      | Noticed a merfolk impaler
  4451 | D:4      | Noticed a demonic crawler
  4451 | D:4      | Noticed a jumping spider
  4451 | D:4      | Noticed a merfolk impaler
  4451 | D:4      | Noticed a moth of wrath
  4451 | D:4      | Noticed a snapping turtle
  4451 | D:4      | Noticed a water nymph
  4451 | D:4      | Noticed an entropy weaver
  4451 | D:4      | Noticed a merfolk impaler
  4451 | D:4      | Noticed a merfolk
  4451 | D:4      | Noticed a jumping spider
  4451 | D:4      | Noticed a water elemental
  4451 | D:4      | Noticed a jumping spider
  4451 | D:4      | Noticed a redback
  4451 | D:4      | Noticed a tarantella
  4451 | D:4      | Noticed a merfolk
  4451 | D:4      | Noticed a merfolk impaler
  4452 | D:4      | Noticed a culicivora
  4452 | D:4      | Noticed a pharaoh ant
  4452 | D:4      | Noticed a jumping spider
  4452 | D:4      | Noticed an entropy weaver
  4453 | D:4      | Noticed an emperor scorpion
  4454 | D:4      | Noticed a tarantella
  4532 | D:5      | Entered Level 5 of the Dungeon
  4664 | D:4      | Reached skill level 6 in Spellcasting
  5139 | D:4      | Found a burning altar of Makhleb.
  5251 | D:3      | Became a worshipper of Ru the Awakened
  5327 | D:5      | Found a staircase to the Ecumenical Temple.
  5330 | D:5      | Noticed an ice beast
  5337 | D:5      | Killed an ice beast
  5338 | D:5      | Reached XP level 7. HP: 37/37 MP: 11/18
  5363 | Temple   | Entered the Ecumenical Temple
  5363 | Temple   | Found a transporter.
  5363 | Temple   | Found a transporter.
  5365 | Temple   | Found a transporter.
  5365 | Temple   | Found a transporter.
  5581 | D:5      | Reached skill level 7 in Spellcasting
  6158 | D:5      | Reached skill level 8 in Spellcasting
  6158 | D:5      | Reached XP level 8. HP: 42/42 MP: 16/22
  6161 | D:5      | Learned a level 2 spell: Static Discharge
  6166 | D:5      | Learned a level 4 spell: Fulminant Prism
  7055 | D:6      | Reached skill level 9 in Spellcasting
  7068 | D:6      | Reached skill level 1 in Fighting
  7068 | D:6      | Reached skill level 1 in Short Blades
  7068 | D:6      | Reached skill level 1 in Evocations
  7573 | D:6      | Reached skill level 10 in Spellcasting
  7968 | D:6      | Reached XP level 9. HP: 34/48 MP: 18/25
  8133 | D:6      | Found a radiant altar of Vehumet.
  8532 | D:7      | Found a shimmering blue altar of Sif Muna.
  8535 | D:7      | Found a bloodstained altar of Trog.
  8539 | D:7      | Fell from the grace of Ru
  8540 | D:7      | Became a worshipper of Sif Muna the Loreminder
  8543 | D:7      | Found a shimmering altar of Xom.
  8548 | D:7      | Found a shadowy altar of Dithmenos.
  8557 | D:7      | Found an iron altar of Okawaru.
  8562 | D:7      | Found an ornate altar of the Wu Jian Council.
  8620 | D:7      | Learned a level 5 spell: Lightning Bolt
  9279 | D:7      | Found a white marble altar of Elyvilon.
  9845 | D:8      | Learned a level 4 spell: Iskenderun's Mystic Blast
  9855 | D:9      | Identified the +1 hand axe of Amortisation {protect, rF++
                  | Dex+5}
  9873 | D:9      | Reached skill level 10 in Conjurations
 10035 | D:9      | Reached skill level 1 in Air Magic
 10110 | D:9      | Noticed a kobold demonologist
 10125 | D:9      | Reached skill level 11 in Spellcasting
 10134 | D:9      | Killed a kobold demonologist
 10135 | D:9      | Reached skill level 5 in Stealth
 10377 | D:9      | Gained mutation: You are weak. (Str -2) [potion of
                  | mutation]
 10759 | D:10     | Entered Level 10 of the Dungeon
 10857 | D:10     | Noticed a troll
 10890 | D:10     | Killed a troll
 11028 | D:10     | HP: 2/48 [something (7)]
 11035 | D:10     | HP: 2/48 [something (8)]
 11036 | D:10     | Slain by an unseen horror

Illustrated notes

Levels and vault maps discovered:
D:1:      arrival_aquarium_b, layout_basic
D:2:      layout_loops_corners, minmay_fractal_squares_gapless_5, uniq_robin
D:3:      layout_loops_cross, nemelex_xobeh_ov_fountains_minmay,
          nicolae_overflow_hidden_temple, basic_ecumenical_altar
D:4:      layout_rooms, grunt_ashenzari_visionary
          [grunt_ashenzari_visionary_shoals, grunt_ashenzari_visionary_spider],
          bloody_makhleb, kennysheep_dice, uniq_edmund
D:5:      layout_rooms, minmay_temple_entry_large_hall
D:6:      layout_basic, fiery_altar_vehumet
D:7:      layout_gridville, lemuel_coloured_pillars_altar,
          nicolae_overflow_hallway_of_the_gods
D:8:      layout_basic, eat_drink_and_be_merry_uskayaw, lair_entry_dummy
D:9:      layout_cave_pools, serial_park, serial_park_avenue1,
          serial_park_tiny_1, serial_park_avenue1
D:10:     layout_stronghold
Temple:   hellmonk_temple_divided_pantheon

Skill      XL: |  1  2  3  4  5  6  7  8  9 |
---------------+----------------------------+-----
Conjurations   | 5 6 7 8 9 10 | 10.5
Stealth        | 3 4 5 |  5.0
Spellcasting   | 4 5 6 8 10 11 | 11.9
Dodging        | 3 4 |  4.9
Fighting       | 1 2 |  2.3
Short Blades   | 1 |  1.4
Evocations     | 1 |  1.3
Air Magic      | 1 |  1.8
Hexes          | |  0.8

Action                   |  1- 3 |  4- 6 |  7- 9 || total
-------------------------+-------+-------+-------++-------
Melee: Dagger            |       |     4 |    34 ||    38
       Hand axe          |       |       |     7 ||     7
 Cast: Magic Dart        |    82 |   101 |   177 ||   360
       Searing Ray       |     1 |     8 |    18 ||    27
       Static Discharge  |       |       |     6 ||     6
       Fulminant Prism   |       |       |     6 ||     6
       Lightning Bolt    |       |       |     7 ||     7
Invok: Reject Sacrifices |       |       |     1 ||     1
       Renounce Religion |       |       |     1 ||     1
Evoke: Wand              |       |     2 |    15 ||    17
  Use: Scroll            |     2 |     4 |     7 ||    13
       Potion            |       |     1 |     8 ||     9
Armor: Robe              |     3 |     9 |    50 ||    62
Dodge: Dodged            |     7 |    24 |    92 ||   123
